AA SOUTH
BILOXI SHUCKERS @ MONTGOMERY BISCUITS
07/19/2041
 
TOP OF THE 1ST
Biloxi Shuckers batting - Pitching for Montgomery Biscuits : RHP Akim Lefranc
Pitching: RHP Akim Lefranc
Batting: LHB José Flores 0-0: Ball
1-0: Foul Ball, location: 9LSF
1-1: Called Strike
1-2: Foul Ball, location: 2F
1-2: Strikes out looking
Batting: RHB Héctor Takahashi 0-0: Called Strike
0-1: Swinging Strike
0-2: Foul Ball, location: 5SF
0-2: Ball
1-2: Fly out, F9 (Flyball, 9D, EV 103.1 MPH)
Batting: LHB Jorge Peralas 0-0: Called Strike
0-1: Ball
1-1: Ball
2-1: Ground out U3 (Groundball, 3L, EV 80.6 MPH)
Top of the 1st over - 0 runs, 0 hits, 0 errors, 0 left on base; Biloxi 0 - Montgomery 0
BOTTOM OF THE 1ST
Montgomery Biscuits batting - Pitching for Biloxi Shuckers : LHP Oliver Hernández
Pitching: LHP Oliver Hernández
Batting: SHB António Cisneros 0-0: Called Strike
0-1: Ball
1-1: Fly out, F7 (Flyball, 7, EV 82.5 MPH)
Batting: RHB Doug Wilkinson 0-0: SINGLE (Line Drive, 56, EV 101.9 MPH)
Batting: SHB Dave Williams 0-0: TRIPLE (Line Drive, 89XD, EV 106.3 MPH)
Doug Wilkinson scores
Batting: LHB Dave Ware 0-0: Foul Ball, location: 5F
0-1: Foul Ball, location: 25F
0-2: Strikes out swinging
Batting: RHB Bob Lee 0-0: Ball
1-0: Ground out 6-3 (Groundball, 6, EV 109.4 MPH)
Bottom of the 1st over - 1 run, 2 hits, 0 errors, 1 left on base; Biloxi 0 - Montgomery 1
TOP OF THE 2ND
Biloxi Shuckers batting - Pitching for Montgomery Biscuits : RHP Akim Lefranc
Batting: LHB Chan-ho Nam 0-0: Foul Ball, location: 25F
0-1: Ball
1-1: Ball
2-1: Ground out U3 (Groundball, 34S, EV 92.5 MPH)
Batting: SHB Joe Campbell 0-0: Ball
1-0: Foul Ball, location: 3FF
1-1: Ball
2-1: Foul Ball, location: 7LSFF
2-2: Strikes out swinging
Batting: RHB Bobby McClure 0-0: Ball
1-0: Swinging Strike
1-1: Foul Ball, location: 5DF
1-2: SINGLE (Line Drive, 9S, EV 98.1 MPH)
Batting: LHB Jesús Jiménez 0-0: Called Strike
0-1: Ball
1-1: Called Strike
1-2: Ball
2-2: Ball
3-2: SINGLE (Groundball, 4M, EV 88.8 MPH) (infield hit)
Bobby McClure to second
Batting: RHB Jeff Huff 0-0: Ball
1-0: Ball
2-0: Ball
3-0: Called Strike
3-1: Swinging Strike
3-2: Fly out, F8 (Flyball, 8RXD, EV 90.0 MPH)
Top of the 2nd over - 0 runs, 2 hits, 0 errors, 2 left on base; Biloxi 0 - Montgomery 1
BOTTOM OF THE 2ND
Montgomery Biscuits batting - Pitching for Biloxi Shuckers : LHP Oliver Hernández
Batting: LHB Jed Jackson 0-0: Called Strike
0-1: Foul Ball, location: 9LSFF
0-2: SINGLE (Line Drive, 9S, EV 100.6 MPH)
Batting: RHB Josh Duncan 0-0: Ball
1-0: Bunt missed!
1-1: Swinging Strike
1-2: 2-RUN HOME RUN (Flyball, 9D, EV 95.6 MPH), Distance : 362 ft
Batting: RHB Wes Sargent 0-0: Called Strike
0-1: Ball
1-1: Swinging Strike
1-2: Strikes out swinging
Batting: RHB Mike MacKnight 0-0: Fly out, F9 (Flyball, 89S, EV 85.0 MPH)
Batting: SHB António Cisneros 0-0: Foul Ball, location: 25F
0-1: Fly out, F4 (Popup, 4, EV 74.4 MPH)
Bottom of the 2nd over - 2 runs, 2 hits, 0 errors, 0 left on base; Biloxi 0 - Montgomery 3
TOP OF THE 3RD
Biloxi Shuckers batting - Pitching for Montgomery Biscuits : RHP Akim Lefranc
Batting: LHB Cisco Fierro 0-0: Ball
1-0: Called Strike
1-1: Ball
2-1: Called Strike
2-2: Strikes out swinging
Batting: LHB José Flores 0-0: Ball
1-0: Swinging Strike
1-1: Fly out, F7 (Flyball, 7LS, EV 95.6 MPH)
Batting: RHB Héctor Takahashi 0-0: Ball
1-0: Ball
2-0: Called Strike
2-1: Foul Ball, location: 2RF
2-2: Strikes out swinging
Top of the 3rd over - 0 runs, 0 hits, 0 errors, 0 left on base; Biloxi 0 - Montgomery 3
BOTTOM OF THE 3RD
Montgomery Biscuits batting - Pitching for Biloxi Shuckers : LHP Oliver Hernández
Batting: RHB Doug Wilkinson 0-0: Swinging Strike
0-1: Fly out, F7 (Line Drive, 7, EV 92.5 MPH)
Batting: SHB Dave Williams 0-0: Ball
1-0: Ball
2-0: Ball
3-0: Called Strike
3-1: Ground out U3 (Groundball, 3, EV 106.3 MPH)
Batting: LHB Dave Ware 0-0: Called Strike
0-1: Ball
1-1: Swinging Strike
1-2: Ball
2-2: Ball
3-2: Strikes out looking
Bottom of the 3rd over - 0 runs, 0 hits, 0 errors, 0 left on base; Biloxi 0 - Montgomery 3
TOP OF THE 4TH
Biloxi Shuckers batting - Pitching for Montgomery Biscuits : RHP Akim Lefranc
Batting: LHB Jorge Peralas 0-0: Ball
1-0: Ground out U3 (Groundball, 3, EV 85.6 MPH)
Batting: LHB Chan-ho Nam 0-0: Foul Ball, location: 25F
0-1: Called Strike
0-2: Ball
1-2: Ball
2-2: Foul Ball, location: 5DF
2-2: Foul Ball, location: 23FF
2-2: Strikes out looking
Batting: SHB Joe Campbell 0-0: Ball
1-0: Ball
2-0: Ground out 6-3 (Groundball, 6, EV 83.8 MPH)
Top of the 4th over - 0 runs, 0 hits, 0 errors, 0 left on base; Biloxi 0 - Montgomery 3
BOTTOM OF THE 4TH
Montgomery Biscuits batting - Pitching for Biloxi Shuckers : LHP Oliver Hernández
Batting: RHB Bob Lee 0-0: Called Strike
0-1: SINGLE (Flyball, 8RS, EV 95.0 MPH)
Batting: LHB Jed Jackson 0-0: Called Strike
0-1: Ball
1-1: Swinging Strike
1-2: Foul Ball, location: 7LDF
1-2: Ball
2-2: Fly out, F6 (Popup, P, EV 40.0 MPH)
Batting: RHB Josh Duncan 0-0: Foul Ball, location: 9LMF
0-1: Foul Ball, location: 25F
0-2: SINGLE (Line Drive, 7S, EV 108.1 MPH)
Bob Lee to second
Batting: RHB Wes Sargent 0-0: Fly out, F7 (Flyball, 78M, EV 90.0 MPH)
Batting: RHB Mike MacKnight 0-0: Called Strike
0-1: Foul Ball, location: 7LSFF
0-2: Ball
1-2: Strikes out swinging
Bottom of the 4th over - 0 runs, 2 hits, 0 errors, 2 left on base; Biloxi 0 - Montgomery 3
TOP OF THE 5TH
Biloxi Shuckers batting - Pitching for Montgomery Biscuits : RHP Akim Lefranc
Batting: RHB Bobby McClure 0-0: Called Strike
0-1: DOUBLE (Line Drive, 7LM, EV 88.1 MPH)
Batting: LHB Jesús Jiménez 0-0: Ball
1-0: Called Strike
1-1: Ball
2-1: Foul Ball, location: 3F
2-2: Fly out, F5 (Popup, 5SF, EV 80.6 MPH)
Batting: RHB Jeff Huff 0-0: Called Strike
0-1: Foul Ball, location: 2F
0-2: Ball
1-2: Ball
2-2: Ground out 6-3 (Groundball, 56, EV 101.3 MPH)
Batting: LHB Cisco Fierro 0-0: Ball
1-0: SINGLE (Line Drive, 4D, EV 94.4 MPH)
Bobby McClure to third
Runner from 3rd tries for Home, SAFE, throw by CF to home
Batting: LHB José Flores 0-0: Ball
1-0: Foul Ball, location: 2F
1-1: Foul Ball, location: 7LMF
1-2: Foul Ball, location: 5F
1-2: Strikes out looking
Top of the 5th over - 1 run, 2 hits, 0 errors, 1 left on base; Biloxi 1 - Montgomery 3
BOTTOM OF THE 5TH
Montgomery Biscuits batting - Pitching for Biloxi Shuckers : LHP Oliver Hernández
Batting: SHB António Cisneros 0-0: Called Strike
0-1: Ball
1-1: Swinging Strike
1-2: Foul Ball, location: 9LDF
1-2: Strikes out looking
Batting: RHB Doug Wilkinson 0-0: Swinging Strike
0-1: Ball
1-1: Swinging Strike
1-2: Ball
2-2: Strikes out looking
Batting: SHB Dave Williams 0-0: Called Strike
0-1: Ground out U3 (Groundball, 34, EV 108.1 MPH)
Bottom of the 5th over - 0 runs, 0 hits, 0 errors, 0 left on base; Biloxi 1 - Montgomery 3
TOP OF THE 6TH
Biloxi Shuckers batting - Pitching for Montgomery Biscuits : RHP Akim Lefranc
Batting: RHB Héctor Takahashi 0-0: Ball
1-0: Called Strike
1-1: Ball
2-1: Fly out, F6 (Popup, 6MD, EV 74.4 MPH)
Batting: LHB Jorge Peralas 0-0: Ball
1-0: Called Strike
1-1: Ball
2-1: Ball
3-1: Fly out, F8 (Flyball, 8LM, EV 81.9 MPH)
Batting: LHB Chan-ho Nam 0-0: DOUBLE (Line Drive, 89XD, EV 102.5 MPH)
Batting: SHB Joe Campbell 0-0: Ball
1-0: Foul Ball, location: 2RF
1-1: Ball
2-1: Fly out, F8 (Flyball, 8LM, EV 85.0 MPH)
Top of the 6th over - 0 runs, 1 hit, 0 errors, 1 left on base; Biloxi 1 - Montgomery 3
BOTTOM OF THE 6TH
Montgomery Biscuits batting - Pitching for Biloxi Shuckers : LHP Oliver Hernández
Batting: LHB Dave Ware 0-0: Ball
1-0: Fly out, F9 (Line Drive, 9, EV 91.3 MPH)
Batting: RHB Bob Lee 0-0: Ball
1-0: Ball
2-0: Called Strike
2-1: Swinging Strike
2-2: Foul Ball, location: 2F
2-2: Strikes out swinging
Batting: LHB Jed Jackson 0-0: Called Strike
0-1: Foul Ball, location: 2F
0-2: Ground out 6-3 (Groundball, 56D, EV 98.8 MPH)
Bottom of the 6th over - 0 runs, 0 hits, 0 errors, 0 left on base; Biloxi 1 - Montgomery 3
TOP OF THE 7TH
Biloxi Shuckers batting - Pitching for Montgomery Biscuits : RHP Akim Lefranc
Batting: RHB Bobby McClure 0-0: Called Strike
0-1: Ball
1-1: Fly out, F9 (Flyball, 9, EV 73.8 MPH)
Batting: LHB Jesús Jiménez 0-0: Fly out, F8 (Flyball, 78S, EV 77.5 MPH)
Batting: RHB Jeff Huff 0-0: Ball
1-0: SINGLE (Line Drive, 56D, EV 96.9 MPH)
Batting: LHB Cisco Fierro 0-0: Ball
1-0: Foul Ball, location: 2F
1-1: Ball
2-1: Ball
3-1: Foul Ball, location: 5F
3-2: Foul Ball, location: 3SF
3-2: Foul Ball, location: 23FF
3-2: Foul Ball, location: 7LSF
3-2: Fly out, F5 (Popup, 25F, EV 95.0 MPH)
Top of the 7th over - 0 runs, 1 hit, 0 errors, 1 left on base; Biloxi 1 - Montgomery 3
BOTTOM OF THE 7TH
Montgomery Biscuits batting - Pitching for Biloxi Shuckers : LHP Oliver Hernández
Batting: RHB Josh Duncan 0-0: Swinging Strike
0-1: Ball
1-1: Fly out, F7 (Flyball, 78M, EV 90.0 MPH)
Batting: RHB Wes Sargent 0-0: Ball
1-0: Ball
2-0: Called Strike
2-1: Called Strike
2-2: SOLO HOME RUN (Flyball, 78XD, EV 100.0 MPH), Distance : 396 ft
Batting: RHB Mike MacKnight 0-0: Ball
1-0: Swinging Strike
1-1: TRIPLE (Flyball, 9LD, EV 97.5 MPH)
Batting: SHB António Cisneros 0-0: Called Strike
0-1: Fly out, F9 (Flyball, 9S, EV 88.1 MPH)
Batting: RHB Doug Wilkinson 0-0: Ball
1-0: Foul Ball, location: 2F
1-1: Called Strike
1-2: Ball
2-2: Ball
3-2: Strikes out looking
Bottom of the 7th over - 1 run, 2 hits, 0 errors, 1 left on base; Biloxi 1 - Montgomery 4
TOP OF THE 8TH
Biloxi Shuckers batting - Pitching for Montgomery Biscuits : RHP Akim Lefranc
Pitching: LHP Juan Román
Pinch Hitting: RHB José Hernández 0-0: Ball
1-0: Foul Ball, location: 2F
1-1: Foul Ball, location: 9LSF
1-2: Fly out, F3 (Popup, 3S, EV 70.0 MPH)
Batting: RHB Héctor Takahashi 0-0: Called Strike
0-1: Ball
1-1: SINGLE (Line Drive, 89S, EV 86.9 MPH)
Batting: LHB Jorge Peralas 0-0: Fly out, F5 (Popup, 5SF, EV 72.5 MPH)
Batting: LHB Chan-ho Nam 0-0: Called Strike
0-1: Ball
1-1: Called Strike
1-2: Fly out, F7 (Flyball, 7, EV 87.5 MPH)
Top of the 8th over - 0 runs, 1 hit, 0 errors, 1 left on base; Biloxi 1 - Montgomery 4
BOTTOM OF THE 8TH
Montgomery Biscuits batting - Pitching for Biloxi Shuckers : LHP Oliver Hernández
Now at SS: José Hernández
Batting: SHB Dave Williams 0-0: Called Strike
0-1: Ball
1-1: Swinging Strike
1-2: Ball
2-2: Foul Ball, location: 23F
2-2: SINGLE (Line Drive, 5L, EV 98.8 MPH)
Batting: LHB Dave Ware 0-0: Ball
1-0: Ball
2-0: SINGLE (Line Drive, 89S, EV 91.9 MPH)
Dave Williams to second
Batting: RHB Bob Lee 0-0: Grounds into double play, 5-4-3 (Groundball, 56S, EV 87.5 MPH)
Dave Williams to third
Batting: LHB Jed Jackson 0-0: Ball
1-0: Ball
2-0: Ball
3-0: Called Strike
3-1: Base on Balls
Pitching: RHP Luis González
Batting: RHB Josh Duncan 0-0: Swinging Strike
0-1: Ball
1-1: Fly out, F8 (Flyball, 78M, EV 90.0 MPH)
Bottom of the 8th over - 0 runs, 2 hits, 0 errors, 2 left on base; Biloxi 1 - Montgomery 4
TOP OF THE 9TH
Biloxi Shuckers batting - Pitching for Montgomery Biscuits : LHP Juan Román
Pitching: LHP Artie Marks
Batting: SHB Joe Campbell 0-0: Called Strike
0-1: Called Strike
0-2: Strikes out swinging
Batting: RHB Bobby McClure 0-0: Ball
1-0: Ball
2-0: Called Strike
2-1: Ball
3-1: SINGLE (Line Drive, 5D, EV 107.5 MPH)
Pinch Hitting: RHB Steve Jobson 0-0: Swinging Strike
0-1: Ball
1-1: Foul Ball, location: 2F
1-2: Ball
2-2: Fly out, F8 (Line Drive, 8RD, EV 105.0 MPH)
Batting: RHB Jeff Huff 0-0: Ball
1-0: Ball
2-0: Called Strike
2-1: Ball
3-1: Called Strike
3-2: Strikes out swinging
Top of the 9th over - 0 runs, 1 hit, 0 errors, 1 left on base; Biloxi 1 - Montgomery 4
Monday, April 1st , 2024 - OOTP Baseball 24.10 Build 82